AoeStats
← maRtin993♪

Black Forest

510455782Analyzed
3v3 RM · 2d ago on Oct 1, 2026· 45m 9s· 6 players
Game mode
Random Map
Map size
Normal (6 player)
Population
200
Speed
Normal
Resources
Standard
Victory
Conquest
Starting age
Dark Age
Ending age
Imperial Age
RankedLock teamsTeams togetherTeam positionsShared explorationLock speedFull tech treeHidden civsTurbo modeCheats
Victory
Defeat
🇺🇸 Franks · United States
958
+13
🇺🇸 Goths · United States
914
+15
🇺🇸 Jurchens · United States
735
+22
🇲🇽 Spanish · Mexico
886
-17
🇺🇸 Muisca · United States
885
-17
🇨🇳 Inca · China
860
-16
cjmm76
0:49 Loom
12:33 Feudal Age
18:04 Castle Age
16:02 Horse Collar
16:44 Double-Bit Axe
18:15 Wheelbarrow
17:42 Town Watch
23:24 Hand Cart
26:01 Bow Saw
25:52 Heavy Plow
27:15 Ballistics
32:42 Imperial Age
30:13 Town Patrol
30:26 Treadmill Crane
30:56 Masonry
30:42 Murder Holes
30:43 Fletching
31:08 Gold Mining
31:12 Stone Mining
30:46 Elite Skirmisher
32:06 Champi Runner
32:06 Pikeman
32:46 Squires
32:57 Thumb Ring
32:57 Padded Archer Armor
33:08 Forging
32:59 Scale Mail Armor
35:17 Two-Man Saw
34:54 Huaracas
35:12 Conscription
35:36 Coinage
36:50 Chemistry
36:35 Herbalism
38:37 Bodkin Arrow
39:17 Iron Casting
38:58 Leather Archer Armor
38:59 Chain Mail Armor
Trukson
0:40 Loom
11:30 Feudal Age
18:54 Castle Age
26:25 Fletching
34:31 Imperial Age
33:30 Forging
33:26 Scale Barding Armor
33:17 Bodkin Arrow
33:22 Padded Archer Armor
34:12 Bloodlines
34:03 Husbandry
35:05 Caravan
35:57 Iron Casting
35:43 Chain Barding Armor
36:07 Conscription
36:10 Horse Collar
40:03 Chemistry
39:23 Ballistics
39:14 Fortified Wall
39:17 Gold Mining
39:17 Stone Mining
39:11 Cavalier
42:44 Leather Archer Armor
42:44 Pikeman
44:37 Elite Conquistador
maRtin993♪
0:50 Loom
15:08 Feudal Age
16:09 Double-Bit Axe
16:07 Horse Collar
20:53 Castle Age
19:58 Gold Mining
20:03 Stone Mining
22:32 Bow Saw
22:22 Heavy Plow
23:07 Forging
22:58 Scale Mail Armor
27:37 Wheelbarrow
30:27 Squires
30:13 Arson
32:40 Hand Cart
33:06 Town Watch
36:39 Imperial Age
36:36 Iron Casting
36:16 Chain Mail Armor
36:34 Town Patrol
37:01 Caravan
36:50 Elite Kamayuk
38:38 Thumb Ring
39:44 Fletching
39:18 Champi Runner
41:04 Champi Warrior
46:02 Blast Furnace
45:45 Gold Shaft Mining
45:45 Stone Shaft Mining
DadJokesLive
7:27 Loom
13:29 Feudal Age
17:02 Castle Age
14:59 Double-Bit Axe
16:39 Gold Mining
19:01 Bow Saw
23:19 Forging
24:46 Stone Mining
25:36 Wheelbarrow
25:06 Husbandry
25:47 Iron Casting
29:43 Scale Barding Armor
30:12 Hand Cart
30:50 Caravan
34:39 Imperial Age
36:26 Blast Furnace
34:58 Cavalier
36:40 Town Watch
37:32 Chain Barding Armor
38:03 Paladin
38:11 Elite Skirmisher
39:02 Chivalry
39:49 Town Patrol
41:30 Conscription
44:53 Plate Barding Armor
44:03 Treadmill Crane
44:31 Siege Engineers
nameBURRITO
2:25 Loom
12:45 Feudal Age
13:33 Double-Bit Axe
14:45 Horse Collar
19:50 Castle Age
19:55 Gold Mining
20:43 Bow Saw
23:00 Stone Mining
26:30 Ballistics
28:00 Heavy Plow
29:06 Careening
32:29 Gold Shaft Mining
33:14 Wheelbarrow
33:14 Siege Engineers
38:24 Imperial Age
36:15 Hand Cart
39:34 Thunderclap Bombs
39:46 Conscription
40:04 Careening
cranks
1:01 Loom
12:29 Feudal Age
16:40 Castle Age
14:39 Double-Bit Axe
14:36 Horse Collar
19:30 Bow Saw
23:57 Wheelbarrow
23:09 Town Watch
23:45 Heavy Plow
23:56 Gold Mining
25:12 Hand Cart
26:52 Forging
29:53 Imperial Age
27:56 Scale Mail Armor
32:17 Two-Man Saw
32:29 Crop Rotation
32:27 Anarchy
31:48 Elite Huskarl
32:48 Conscription
32:55 Squires
32:18 Man-at-Arms
32:18 Pikeman
33:43 Iron Casting
33:24 Chain Mail Armor
33:21 Caravan
33:00 Long Swordsman
34:04 Perfusion
33:28 Capped Ram
35:46 Blast Furnace
41:34 Two-Handed Swordsman
43:57 Champion
Connection lost

Rejoining the realm…

Still unreachable

The connection could not be restored.

Session expired

The server has moved on; the page needs a fresh start.